 Dungeon Crawl Stone Soup version 0.21-a0-243-g597973d (webtiles) character file.

140 tidbits the Insei (level 4, 7/34 HPs)
             Began as a Demigod Transmuter on Sept 4, 2017.
             Quit the game on level 3 of the Dungeon.
             The game lasted 00:08:41 (1227 turns).

tidbits the Insei (Demigod Transmuter)              Turns: 1227, Time: 00:08:42

Health: 7/34       AC:  2    Str: 15    XL:     4   Next: 72%
Magic:  9/9        EV: 12    Int: 19    God:
Gold:   73         SH:  0    Dex: 16    Spells: 1/7 levels left

rFire    . . .     SeeInvis .   f - wand of flame (8/48)
rCold    . . .     Gourm    .   (no shield)
rNeg     . . .     Faith    .   b - +0 robe
rPois    .         Spirit   .   (no helmet)
rElec    .         Reflect  .   (no cloak)
rCorr    .         Harm     .   (no gloves)
MR       ++...                  (no boots)
Stlth    +.........             (no amulet)
HPRegen  0.11/turn              H - ring of protection from magic
MPRegen  0.11/turn              (no ring)

@: no status effects
A: hooves 1, high mp 1, magic resistance 1, strong 1
a: no special abilities


You were on level 3 of the Dungeon.
You were hungry.

You visited 1 branch of the dungeon, and saw 3 of its levels.

You collected 73 gold pieces.

Inventory:

Missiles
 a - 24 arrows
 m - 21 bolts
 q - 6 poisoned needles
Armour
 b - a +0 robe (worn)
Jewellery
 H - a ring of protection from magic (left hand)
   (You found it on level 2 of the Dungeon)
Wands
 f - a wand of flame (8/48) (in hand)
Scrolls
 e - a scroll of amnesia {unknown}
 g - 2 scrolls of remove curse
 h - a scroll of enchant weapon
 j - a scroll of teleportation
 l - a scroll of fear
 p - a scroll of fog {unknown}
Potions
 k - 3 potions of flight
 o - a potion of mutation {!q}
Books
 c - a book of Changes

   Spells                             Type                      Level
   a - Beastly Appendage              Transmutation                1
   b - Sticks to Snakes               Transmutation                2
   c - Spider Form                    Transmutation/Poison         3
   d - Ice Form                       Ice/Transmutation            4
   e - Blade Hands                    Transmutation                5
Comestibles
 d - 2 bread rations
 i - 6 chunks of flesh
 n - a royal jelly


   Skills:
 - Level 0.8 Fighting
 - Level 1.7 Dodging
 * Level 4.3 Unarmed Combat
 - Level 2.1 Spellcasting
 + Level 3.0 Transmutations


You had one spell level left.
You knew the following spells:

 Your Spells              Type           Power        Failure   Level  Hunger
e - Beastly Appendage     Tmut           ##....       4%          1    #......
k - Sticks to Snakes      Tmut           ##......     7%          2    ##.....
p - Spider Form           Tmut/Pois      #.........   26%         3    ###....


Dungeon Overview and Level Annotations

Branches:
Dungeon (3/15)

Annotations:
D:3 Grinder


Innate Abilities, Weirdness & Mutations

You have an increased reservoir of magic. (+10% MP)
You have large cloven feet.
You are resistant to hostile enchantments. (MR+)
Your muscles are strong. (Str +2)


Message History

The kobold barely misses you.
Found 16 sling bullets.
You punch the kobold!
You kill the kobold!
Casting: Beastly Appendage
Confirm with . or Enter, or press ? or * to list all spells.
You extend your transformation's duration.
You barely miss the ooze. Your kick misses the ooze.
The ooze barely misses you.
You hit the ooze. You kick the ooze.
The ooze is almost dead.
The ooze closely misses you.
You hit the ooze but do no damage. You kick the ooze.
You kill the ooze!
Found a stone staircase leading up.
Found a dagger.
Your transformation is almost over.
Your magical contamination has completely faded away.
An orc comes into view. It is wielding a club.
The orc shouts!
An orc comes into view.
You found a shaft!
There is a stone staircase leading up here.
You climb upwards.
Your horns disappear.
There is a stone staircase leading down here.
You climb downwards.
Level annotation: Grinder
There is a stone staircase leading up here.
Casting: Beastly Appendage
Confirm with . or Enter, or press ? or * to list all spells.
You turn into a venomous arachnid creature.
Your +0 robe melds into your body.
Your transformation is almost over.
You climb upwards.
There is a stone staircase leading down here.
You climb downwards.
Level annotation: Grinder The orc hits you with a club.
The orc barely misses you.
There is a stone staircase leading up here.
You hit the orc.
You kill the orc!
Things that are here:
a club; an orc corpse You butcher the orc corpse.
i - 6 chunks of flesh (gained 3)
You see here a club.
Your transformation has ended.
Your +0 robe unmelds from your body.
Wield which item (- for none, * to show all)? (? for menu, Esc to quit)
f - a wand of flame (?/48) {zapped: 5} (in hand)
You swing at nothing.
You swing at nothing.
You swing at nothing.
You swing at nothing.
You swing at nothing.
You swing at nothing.
You swing at nothing.
You swing at nothing.
You swing at nothing.
You swing at nothing.
You swing at nothing.
You swing at nothing.
You swing at nothing.
You swing at nothing.
You swing at nothing.
You swing at nothing.
You swing at nothing.
You swing at nothing.
You swing at nothing.
You swing at nothing.
You swing at nothing.
You swing at nothing.
You swing at nothing.
You swing at nothing.
You swing at nothing.
You swing at nothing.
You swing at nothing.
You swing at nothing.
You swing at nothing.
You swing at nothing.
As you read the scroll labeled ZIAXOCWEOCW, it crumbles to dust.
You assume a fearsome visage.
Nothing appears to happen.
It was a scroll of fear.
You are feeling hungry.
Okay, then.
Okay, then.
An orc warrior comes into view. It is wielding a battleaxe.
The orc warrior shouts!
The orc warrior throws a tomahawk of returning.
The tomahawk of returning hits you!
The weapon returns to the orc warrior!
The orc warrior throws a tomahawk of returning.
The tomahawk of returning hits you.
The weapon returns to the orc warrior!
The orc warrior throws a tomahawk of returning.
The tomahawk of returning hits you!
* * * LOW HITPOINT WARNING * * *
The weapon returns to the orc warrior!
An orc comes into view.
Okay, then.
Are you sure you want to abandon this character and quit the game? (Confirm with "yes".)

.#.#.#.#.#.#.#.#.#.........#
................[....##...##
#.#.#.#.#.#.#.#.#.#.)######
...................###
.#.#.#.#.#.#.#.#.#.#
..................##
#.#.#.#.#.#.#.#.#.#
.............o...##
.#.#.#.#.#o#.#.#@#
............o...##
..#.#.#.#.#.#.#.
...............#
#..#.#.#.#.#.#.#
#.............#
##....######### ######


You could see an orc warrior and an orc (wandering).

Vanquished Creatures
  A hound (D:2)
  Ijyb (D:3)
  Natasha (D:3)
  2 adders
  An ooze (D:3)
  2 dart slugs
  An orc (D:3)
  2 bats
  2 giant cockroaches
  4 goblins
  6 hobgoblins
  2 jackals (D:2)
  A quokka (D:3)
  A ball python (D:2)
  3 frilled lizards
  6 kobolds
  4 rats
40 creatures vanquished.

Vanquished Creatures (collateral kills)
  An adder (D:2)
  A rat (D:2)
2 creatures vanquished.

Grand Total: 42 creatures vanquished

Notes
Turn   | Place    | Note
-------+----------+-------------------------------------------
     0 | D:1      | tidbits the Demigod Transmuter began the quest for the Orb.
     0 | D:1      | Reached XP level 1. HP: 15/15 MP: 5/5
    36 | D:1      | Reached skill level 2 in Spellcasting
   199 | D:1      | Reached skill level 2 in Transmutations
   250 | D:1      | Reached XP level 2. HP: 18/22 MP: 5/7
   254 | D:1      | Learned a level 2 spell: Sticks to Snakes
   341 | D:2      | Reached skill level 3 in Unarmed Combat
   505 | D:2      | Reached XP level 3. HP: 15/27 MP: 3/8
   510 | D:2      | Learned a level 3 spell: Spider Form
   512 | D:2      | Found a burning altar of Makhleb.
   749 | D:3      | Noticed Ijyb
   759 | D:3      | Gained mutation: You are resistant to hostile enchantments. (MR+) [potion of mutation]
   759 | D:3      | Gained mutation: Your muscles are strong. (Str +2) [potion of mutation]
   759 | D:3      | Gained mutation: You have large cloven feet. [potion of mutation]
   871 | D:3      | HP: 2/27 [Ijyb/wand of flame (?/48) (6)]
   874 | D:3      | Killed Ijyb
   874 | D:3      | Reached XP level 4. HP: 12/34 MP: 1/9
   909 | D:3      | Reached skill level 4 in Unarmed Combat
   951 | D:3      | Noticed Grinder
  1113 | D:3      | Noticed Natasha
  1120 | D:3      | Killed Natasha
  1120 | D:3      | Reached skill level 3 in Transmutations
  1222 | D:3      | Noticed an orc warrior
  1227 | D:3      | Quit the game

Vault maps used:
D:1:      dpeg_arrival_three_smaller_balls
D:2:      minmay_diamond_boxcup, makhleb_heckhound_becter
D:3:      hex_large, serial_bayou_ford_a, grunt_ministairs_5,
          minmay_misc_feat_five, lemuel_old_faithful, uniq_natasha,
          uniq_grinder, uniq_ijyb

Skill      XL: |  1  2  3  4 |
---------------+-------------+-----
Spellcasting   | 2 |  2.1
Transmutations | 2 3 |  3.0
Unarmed Combat | 3 4 |  4.3
Fighting       | |  0.8
Dodging        | |  1.7

Action                   |  1- 3 |  4- 6 || total
-------------------------+-------+-------++-------
Melee: Unarmed           |    80 |    24 ||   104
       Kick              |    12 |     5 ||    17
       Headbutt          |     4 |     1 ||     5
 Cast: Beastly Appendage |    17 |     6 ||    23
       Sticks to Snakes  |     8 |     1 ||     9
       Spider Form       |     5 |     3 ||     8
  Use: Scroll            |     3 |     3 ||     6
       Potion            |     2 |     1 ||     3
 Stab: Sleeping          |     2 |       ||     2
  Eat: Chunk             |     1 |     1 ||     2
       Royal jelly       |     1 |       ||     1
Armor: Robe              |     8 |     5 ||    13
       Skin              |       |     2 ||     2
Dodge: Dodged            |    58 |    11 ||    69

Table legend:
 A = Spawn XP
 B = Non-spawn XP
 C = Spawn XP percentage of total XP
 D = Spawn monster count
 E = Non-spawn monster count
 F = Spawn count percentage of total count
 G = Total turns spent on level
                    A         B        C        D         E        F      G
               +---------+---------+-------+---------+---------+-------+---------
         Total |      11 |     190 |   5.5 |       5 |      37 |  11.9 |  1227
               +---------+---------+-------+---------+---------+-------+---------
           D:1 |       0 |      15 |   0.0 |       0 |       8 |   0.0 |   312
           D:2 |       6 |      71 |   7.8 |       3 |      14 |  17.6 |   375
           D:3 |       5 |     104 |   4.6 |       2 |      15 |  11.8 |   540
               +---------+---------+-------+---------+---------+-------+---------

Table legend:
 A = Turns spent in this place as a percentage of turns spent in the entire game.
 B = Non-inter-level travel turns spent in this place as a percentage of non-inter-level travel turns spent in the entire game.
 C = Inter-level travel turns spent in this place as a percentage of turns spent in this place.
 D = Turns resting spent in this place as a percentage of non-inter-level travel turns spent in this place.
 E = Turns spent auto-exploring this place as a percentage of non-inter-level travel turns spent in this place.
 F = Non-inter-level travel turns spent in this place divided by the number of levels of this place that you've seen.
                   A       B       C       D       E      F
               +-------+-------+-------+-------+-------+----------------------
         Total | 100.0 | 100.0 |   3.7 |   0.0 |   0.0 | 394.0
       Dungeon | 100.0 | 100.0 |   3.7 |   0.0 |   0.0 | 394.0
               +-------+-------+-------+-------+-------+----------------------

Table legend:
 A = Kills in this place as a percentage of kills in entire the game.
 B = Kills by you in this place as a percentage of kills by you in the entire game.
 C = Kills by friends in this place as a percentage of kills by friends in the entire game.
 D = Other kills in this place as a percentage of other kills in the entire game.
 E = Experience gained in this place as a percentage of experience gained in the entire game.
 F = Experience gained in this place divided by the number of levels of this place that you have seen.
                   A       B       C       D       E      F
               +-------+-------+-------+-------+-------+----------------------
         Total | 100.0 | 100.0 | 100.0 |   N/A | 100.0 |  67.0
       Dungeon | 100.0 | 100.0 | 100.0 |   N/A | 100.0 |  67.0
               +-------+-------+-------+-------+-------+----------------------

Vault maps used:
D:1:      dpeg_arrival_three_smaller_balls
D:2:      minmay_diamond_boxcup, makhleb_heckhound_becter
D:3:      hex_large, serial_bayou_ford_a, grunt_ministairs_5,
          minmay_misc_feat_five, lemuel_old_faithful, uniq_natasha,
          uniq_grinder, uniq_ijyb
